Map: [TLMC15] Curious Minds

Players

Serral

  • Race: Zerg Zerg

DRG - Winner!

  • Race: Zerg Zerg

Event: DreamHack SC2 Masters Last Chance 2022

VOD

Have the link to the VOD?

Description

Time

  • Played on: Jan. 14, 2022, 8:39 a.m.
  • Length: 9:19

All games in this series

Show
View Real Time Build Order
Export as new Build Order

Serral Zerg 

Build Orders: Hatch First 

Get SALT Encoding   

  12  0:00  Drone  
  13  0:12  Overlord  
  13  0:17  Drone  
  14  0:30  Drone x2  
  16  0:46  Hatchery  
  15  0:51  Drone  
  15  0:54  Drone  
  17  0:57  Drone  
  18  1:08  Extractor  
  17  1:12  Spawning Pool  
  17  1:15  Drone  
  17  1:18  Drone  
  18  1:28  Drone  
  19  1:38  Drone  
  20  1:49  Drone  
  21  1:59  Queen x2  
  21  2:00  Zergling x2, Overlord  
  26  2:09  Drone  
  26  2:10  Drone  
  26  2:11  Metabolic Boost  
  28  2:20  Drone  
  28  2:21  Drone  
  30  2:31  Drone  
  30  2:32  Drone  
  32  2:40  Hatchery  
  31  2:44  Baneling Nest  
  31  2:46  Drone  
  31  2:50  Overlord  
  31  2:54  Drone  
  31  2:55  Zergling x2  
  33  3:00  Queen  
  33  3:03  Zergling x2  
  36  3:10  Drone x3  
  36  3:12  Zergling x2  
  40  3:14  Zergling x2  
  40  3:18  Overlord  
  41  3:20  Zergling x2  
  41  3:23  Drone  
  41  3:24  Drone  
  44  3:29  Baneling, Evolution Chamber  
  44  3:31  Drone  
  44  3:38  Zergling x2  
  46  3:41  Drone x2  
  46  3:42  Drone x2  
  46  3:44  Drone  
  46  3:45  Drone  
  50  3:50  Drone  
  50  3:53  Drone, Extractor  
  50  3:54  Zerg Missile Weapons Level 1  
  51  4:00  Roach Warren  
  50  4:04  Overlord  
  50  4:05  Drone  
  50  4:07  Drone  
  50  4:09  Drone  
  53  4:16  Zergling x2, Overlord  
  53  4:17  Drone x2  
  53  4:19  Drone  
  53  4:21  Drone  
  53  4:24  Overlord  
  57  4:25  Drone  
  57  4:26  Drone  
  59  4:34  Zergling x2  
  59  4:36  Drone x2  
  61  4:39  Drone  
  61  4:41  Extractor x2  
  61  4:42  Drone  
  61  4:46  Drone  
  61  4:49  Drone  
  61  4:51  Drone x2  
  61  4:52  Drone  
  66  4:54  Drone x3  
  71  5:02  Roach x3  
  71  5:05  Overlord  
  77  5:09  Spine Crawler  
  77  5:10  Roach  
  77  5:11  Baneling x2  
  77  5:14  Roach  
  77  5:15  Spine Crawler  
  77  5:16  Baneling  
  77  5:18  Roach  
  77  5:19  Spine Crawler  
  77  5:23  Roach x2  
  77  5:27  Roach x4  
  89  5:31  Baneling x2  
  88  5:40  Zergling x6, Roach x2  
  89  5:44  Roach  
  86  5:54  Roach x5  
  83  5:59  Roach  
  81  6:05  Roach  
  81  6:06  Roach  
  81  6:09  Roach  
  83  6:12  Queen  
  83  6:17  Roach x2  
  87  6:20  Roach  
  87  6:24  Lair  
  81  6:26  Extractor  
  81  6:27  Roach x2  
  81  6:30  Roach  
  84  6:38  Roach  
  82  6:40  Roach  
  76  6:49  Spine Crawler  
  76  6:51  Queen, Roach  
  76  6:52  Roach  
  73  6:55  Spine Crawler  
  73  6:56  Extractor  
  73  7:00  Roach  
  73  7:03  Roach  
  73  7:05  Evolution Chamber  
  75  7:16  Roach x2  
  80  7:23  Overlord  
  80  7:24  Hatchery, Overlord  
  80  7:25  Roach x2  
  84  7:31  Spire  
  84  7:34  Overlord x2  
  83  7:39  Overlord  
  83  7:41  Queen x2  
  87  7:54  Zergling x4  
  87  7:58  Hatchery, Roach x2  
  92  8:04  Roach x2  
  94  8:06  Roach  
  94  8:15  Roach x2  
  94  8:16  Roach x2  
Show
View Real Time Build Order
Export as new Build Order

DRG Zerg - Winner!

Build Orders: Hatch First 

Get SALT Encoding   

  12  0:00  Drone  
  13  0:11  Overlord  
  13  0:17  Drone  
  14  0:30  Drone x2  
  16  0:47  Hatchery  
  15  0:51  Drone  
  15  0:54  Drone  
  17  0:58  Drone  
  18  1:09  Extractor  
  17  1:13  Spawning Pool  
  17  1:15  Drone  
  17  1:20  Drone  
  18  1:27  Drone  
  19  1:38  Drone  
  20  1:49  Drone  
  21  1:59  Queen x2  
  21  2:00  Overlord  
  25  2:01  Drone  
  26  2:10  Drone  
  26  2:11  Drone, Metabolic Boost  
  28  2:21  Drone  
  28  2:22  Zergling x2  
  30  2:32  Hatchery  
  30  2:34  Drone  
  30  2:36  Drone  
  31  2:42  Queen  
  33  2:48  Overlord  
  33  2:53  Baneling Nest  
  33  2:56  Drone  
  33  2:58  Drone  
  34  3:00  Drone  
  34  3:04  Drone  
  36  3:08  Drone  
  36  3:09  Drone  
  36  3:10  Zergling x2  
  39  3:13  Drone  
  39  3:15  Drone  
  39  3:19  Overlord  
  41  3:21  Drone  
  41  3:23  Drone  
  41  3:26  Evolution Chamber  
  42  3:28  Zergling x2  
  42  3:30  Drone  
  44  3:39  Drone x2  
  46  3:41  Drone x3  
  46  3:45  Drone  
  50  3:50  Drone  
  50  3:53  Zerg Ground Armor Level 1  
  50  3:54  Drone x3, Extractor  
  53  3:55  Extractor  
  53  4:02  Roach Warren  
  51  4:05  Baneling, Zergling x4  
  51  4:06  Drone  
  51  4:08  Drone  
  55  4:12  Overlord  
  55  4:13  Drone  
  56  4:17  Overlord  
  56  4:21  Overlord  
  56  4:25  Drone x2  
  56  4:26  Overlord  
  56  4:27  Overlord  
  57  4:37  Extractor  
  57  4:38  Extractor  
  55  4:44  Roach x7  
  69  4:49  Roach x2  
  69  4:51  Roach  
  75  4:54  Roach  
  75  4:56  Roach  
  75  4:59  Roach  
  81  5:04  Baneling x2  
  81  5:05  Zergling x8  
  85  5:08  Zergling x4  
  85  5:10  Zergling x2  
  85  5:11  Zergling x2  
  85  5:13  Zergling x2  
  90  5:14  Baneling  
  90  5:15  Baneling x2  
  90  5:19  Zergling x6  
  93  5:27  Zergling x8  
  96  5:39  Zergling x8  
  96  5:42  Zergling x2  
  97  5:47  Zergling x2  
  97  5:49  Zergling x2  
  97  5:50  Zergling x2  
  97  5:52  Ravager  
  97  5:53  Zergling x10  
  97  5:56  Zerg Missile Weapons Level 1, Lair  
  97  6:00  Zergling x2  
  97  6:03  Zergling x2  
  97  6:04  Zergling x2  
  97  6:05  Zergling x2  
  97  6:06  Zergling x4  
  97  6:09  Zergling x2  
  97  6:13  Ravager  
  97  6:14  Overlord  
  97  6:16  Zergling x2  
  94  6:19  Zergling x4  
  94  6:20  Ravager  
  94  6:23  Zergling x2  
  96  6:26  Zergling x2  
  96  6:28  Drone  
  93  6:38  Drone x7  
  95  6:45  Roach  
  91  6:47  Roach  
  91  6:51  Zergling x2  
  93  6:55  Glial Reconstitution  
  93  6:58  Roach  
  93  6:59  Overlord  
  93  7:00  Overseer  
  95  7:01  Roach x3  
  95  7:02  Overlord  
  95  7:03  Overlord x2  
  95  7:06  Overlord  
  95  7:08  Overlord  
  101  7:09  Roach x2  
  101  7:11  Overlord  
  101  7:12  Overlord  
  104  7:16  Roach  
  104  7:20  Roach  
  108  7:23  Roach  
  108  7:26  Roach  
  108  7:27  Roach  
  108  7:28  Roach  
  118  7:30  Roach x3  
  118  7:35  Roach x3  
  128  7:38  Roach  
  128  7:40  Roach  
  128  7:43  Overlord  
  134  7:44  Roach  
  134  7:47  Roach  
  136  7:51  Roach  
  136  7:52  Roach  
  136  7:57  Overlord  
  140  8:00  Overlord  
  140  8:01  Roach  
  140  8:04  Roach  
  142  8:07  Roach  
  142  8:08  Roach  
  145  8:14  Roach x3  
  150  8:17  Roach  

Tags
 
Add a new tag
Caveats
  • Supply blocks, unpowered buildings, or Contaminate may cause inaccurate times.
  • Supply counts are checked every 10 seconds.